 Dungeon Sprint DCSS version 0.26.1-2-gb8aa6d0cf2 (webtiles) character file.

Game seed: 11726260709286625039

81 Groucho the Skirmisher (level 4, -1/44 HPs)
             Began as a Minotaur Fighter on Feb 16, 2021.
             Slain by a gnoll sergeant
             ... wielding a +0 spear
              (5 damage)
             ... in the Dungeon (Sprint IX: "|||||||||||||||||||||||||||||").
             The game lasted 00:00:16 (83 turns).

Groucho the Skirmisher (Minotaur Fighter)             Turns: 83, Time: 00:00:17

Health: -1/44      AC:  7    Str: 21    XL:     4   Next: 20%
Magic:  3/3        EV:  8    Int:  5    God:
Gold:   0          SH: 10    Dex: 10    Spells: 3/3 levels left

rFire    . . .     SeeInvis .   a - +0 war axe
rCold    . . .     Faith    .   c - +0 kite shield
rNeg     . . .     Spirit   .   b - +0 scale mail
rPois    .         Reflect  .   (helmet restricted)
rElec    .         Harm     .   (no cloak)
rCorr    .         Rampage  .   (no gloves)
Will     .....     NoTele   +   (no boots)
Stlth    ..........             (no amulet)
HPRegen  0.14/turn              (no ring)
MPRegen  0.08/turn              (no ring)

@: lethally poisoned (-1 -> -3), berserk cooldown, hasted and slowed
A: retaliatory headbutt, horns 2
a: no special abilities


You were in the Dungeon.
You visited 1 branch

Inventory:

Hand Weapons
 a - a +0 war axe (weapon)
Armour
 b - a +0 scale mail (worn)
 c - a +0 kite shield (worn)
Scrolls
 j - a scroll of blinking
Potions
 d - a potion of might
 e - a potion of curing
 f - a potion of heal wounds
 h - 2 potions of magic


   Skills:
 + Level 6.1 Fighting
 + Level 5.4 Axes
 + Level 6.1 Armour
 + Level 6.1 Shields


You had 3 spell levels left.
You didn't know any spells.
Your spell library was empty.

Dungeon Overview and Level Annotations

Branches:
Dungeon (1/1)

Altars:


Innate Abilities, Weirdness & Mutations

You reflexively headbutt those who attack you in melee.
You have a pair of horns on your head.


Message History

You kill the iguana!
You block the gnoll sergeant's attack.
Your Fighting skill increases to level 6!
Your Axes skill increases to level 5!
Your Armour skill increases to level 6!
Your Shields skill increases to level 6!
You have reached level 4!
You feel stronger.
Unknown command.
You are no longer berserk.
You are exhausted.
You feel yourself slow down. You block the gnoll sergeant's attack.
You see here an iguana corpse.
You hit the gnoll sergeant.
The gnoll sergeant is lightly wounded.
You feel sick.
The gnoll sergeant hits you but does no damage.
You closely miss the gnoll sergeant. You headbutt the gnoll sergeant!
The gnoll sergeant is heavily wounded.
The gnoll sergeant hits you with a +0 spear.
You die...

▓+▓
▓.▓
▓.▓
▓.▓
▓g▓
▓@▓
▓)▓
▓.▓
▓.▓
▓.▓
▓.▓
▓.▓
▓)▓
▓.▓


You could see a gnoll sergeant.

Vanquished Creatures
  An iguana (D)
  2 worker ants (D)
  A leopard gecko (D)
  An orc (D)
  A giant cockroach (D)
  2 hobgoblins (D)
  A kobold (D)
9 creatures vanquished.

Notes
Turn   | Place    | Note
-------+----------+-------------------------------------------
     0 | D        | Groucho the Minotaur Fighter began the quest for the Orb.
     0 | D        | Reached XP level 1. HP: 19/19 MP: 0/0
    66 | D        | Noticed a gnoll sergeant
    66 | D        | Noticed an iguana
    66 | D        | Noticed a worker ant
    66 | D        | Noticed a worker ant
    70 | D        | Killed a worker ant
    71 | D        | Reached skill level 5 in Fighting
    71 | D        | Reached skill level 5 in Armour
    71 | D        | Reached skill level 5 in Shields
    71 | D        | Reached XP level 2. HP: 29/29 MP: 1/1
    71 | D        | Reached XP level 3. HP: 36/36 MP: 2/2
    81 | D        | Reached skill level 5 in Axes
    81 | D        | Reached XP level 4. HP: 7/44 MP: 3/3
    83 | D        | Slain by a gnoll sergeant

Illustrated notes

Levels and vault maps discovered:
D:        linesprint [early_d, line_temple, items_1, d_10, items_2, lair_1,
          lair_end, items_3, orc_1, orc_end, items_4, d_15, swamp_1, shoals_1,
          snake_1, spider_1, d_20, vaults_1, items_5, swamp_end, shoals_end,
          snake_end, spider_end, vaults_end, d_27, items_6, zot_1, zot_end,
          crypt_end, forest_end, elf_end, slime_end, tomb_end, abyss_end,
          pan_hell_end]

Skill      XL: |  1  2  3 |
---------------+----------+-----
Fighting       | 5 6 |  6.1
Armour         | 5 6 |  6.1
Shields        | 5 6 |  6.1
Axes           | 4 5 |  5.4

Action                   |  1- 3 |  4- 6 || total
-------------------------+-------+-------++-------
Melee: War axe           |    22 |     2 ||    24
       Headbutt          |     5 |     1 ||     6
  Use: Potion            |     2 |       ||     2
Armor: Scale mail        |     5 |     1 ||     6
Dodge: Dodged            |     4 |       ||     4
Block: Kite shield       |    12 |     1 ||    13
